 Dungeon Crawl Stone Soup version 0.22-a0-407-gb098539 (webtiles) character file.

76 galech the Fighter (level 4, 0/45 HPs)
             Began as a Gnoll Wanderer on May 9, 2018.
             Slain by Ijyb (1 damage)
             ... on level 3 of the Dungeon.
             The game lasted 00:04:09 (2166 turns).

galech the Fighter (Gnoll Wanderer)                 Turns: 2166, Time: 00:04:10

Health: 0/45       AC:  9    Str: 16    XL:     4   Next: 32%
Magic:  5/5        EV: 10    Int: 14    God:
Gold:   63         SH:  0    Dex: 14    Spells: 5/5 levels left

rFire    . . .     SeeInvis .     - Unarmed
rCold    . . .     Gourm    .   (no shield)
rNeg     . . .     Faith    .   a - +2 scale mail
rPois    .         Spirit   .   (no helmet)
rElec    .         Reflect  .   (no cloak)
rCorr    .         Harm     .   (no gloves)
MR       .....                  (no boots)
Stlth    ..........             (no amulet)
HPRegen  0.15/turn              (no ring)
MPRegen  0.09/turn              (no ring)

@: no status effects
A: distributed training, fangs 1, strong nose
a: no special abilities


You were on level 3 of the Dungeon.
You were not hungry.

You visited 1 branch of the dungeon, and saw 3 of its levels.

You collected 63 gold pieces.

Inventory:

Hand Weapons
 b - a +0 shortbow
Missiles
 c - an arrow
 g - 2 tomahawks
 h - 120 stones (quivered)
 i - 13 poisoned needles
 n - 8 curare-tipped needles
 s - 6 needles of frenzy
Armour
 a - a +2 scale mail (worn)
Jewellery
 t - a cursed ring of loudness {unknown}
Scrolls
 e - a scroll of enchant armour {unknown}
 j - a scroll of remove curse
 k - 2 scrolls of teleportation {unknown}
 p - a scroll of immolation {unknown}
Potions
 d - 2 potions of curing
 l - 2 potions of flight {unknown}
 m - a potion of haste {unknown}
 o - a potion of brilliance {unknown}
 q - a potion of might {unknown}
 r - a potion of agility {unknown}
Comestibles
 f - 4 rations


   Skills:
 + Level 8.5 Fighting
 + Level 1.1 Short Blades
 + Level 1.1 Long Blades
 + Level 1.1 Axes
 + Level 2.7 Maces & Flails
 + Level 1.1 Polearms
 + Level 1.1 Staves
 + Level 1.1 Slings
 + Level 2.7 Bows
 + Level 1.1 Crossbows
 + Level 2.7 Throwing
 + Level 4.6 Armour
 + Level 1.1 Dodging
 + Level 1.1 Stealth
 + Level 2.7 Shields
 + Level 1.1 Unarmed Combat
 + Level 1.1 Spellcasting
 + Level 0.8 Conjurations
 + Level 0.8 Hexes
 + Level 0.8 Charms
 + Level 0.8 Summonings
 + Level 0.8 Necromancy
 + Level 0.8 Translocations
 + Level 0.8 Transmutations
 + Level 0.8 Fire Magic
 + Level 0.8 Ice Magic
 + Level 0.8 Air Magic
 + Level 0.8 Earth Magic
 + Level 0.8 Poison Magic
 + Level 1.2 Invocations
 + Level 1.1 Evocations


You had 5 spell levels left.
You didn't know any spells.

Dungeon Overview and Level Annotations

Branches:
Dungeon (3/15)

Altars:
Cheibriados
Nemelex Xobeh

Annotations:
D:3 Ijyb


Innate Abilities, Weirdness & Mutations

Your experience applies equally to all skills.
You have very sharp teeth.
Your uncanny sense of smell can sniff out nearby items.


Message History

You hit Ijyb but do no damage. You bite Ijyb, but do no damage.
Ijyb is almost dead.
Ijyb hits you but does no damage.
You barely miss Ijyb.
Ijyb is almost dead.
Ijyb barely misses you.
You barely miss Ijyb.
Ijyb is almost dead.
Ijyb barely misses you.
You barely miss Ijyb.
Ijyb is almost dead.
Ijyb hits you but does no damage.
You barely miss Ijyb.
Ijyb is severely wounded.
Ijyb zaps a wand.
The puff of flame hits you!
* * * LOW HITPOINT WARNING * * *
You hit Ijyb but do no damage. You bite Ijyb, but do no damage.
Ijyb is severely wounded.
Ijyb hits you.
You die...

.. #.##.# #.####
.... #.##.#
#..... #.#.
#.##.# ######
.#.#####.##.# ##.
#####........##.#
#.#
8.8.8...........#
##.
.(.(.(.#####.####
## ......(#####.#
# (....(gg@†...#
..(...g#####.#
....... #...
8(8.8.. #.###
#####.# #.# #.
#.# #. #.# #. .#


You could see Ijyb and 2 goblins.

Vanquished Creatures
  A worm (D:2)
  3 dart slugs
  2 leopard geckos (D:2)
  3 ball pythons
  12 giant cockroaches
  7 hobgoblins
  3 jackals (D:1)
  3 kobolds (D:1)
  7 bats
  3 frilled lizards
  7 goblins
  5 rats
56 creatures vanquished.

Notes
Turn   | Place    | Note
-------+----------+-------------------------------------------
     0 | D:1      | galech the Gnoll Wanderer began the quest for the Orb.
     0 | D:1      | galech set off with: a +2 scale mail, a +0 shortbow, 25 arrows, a potion of curing, a ration
     0 | D:1      | Reached XP level 1. HP: 26/26 MP: 1/1
   173 | D:1      | Reached XP level 2. HP: 33/33 MP: 2/2
   686 | D:1      | Reached XP level 3. HP: 38/38 MP: 3/3
   731 | D:1      | Found a sparkling altar of Nemelex Xobeh.
  1079 | D:2      | Reached skill level 1 in Invocations
  1181 | D:2      | Found a snail-covered altar of Cheibriados.
  1273 | D:2      | Reached skill level 1 in Short Blades
  1273 | D:2      | Reached skill level 1 in Long Blades
  1273 | D:2      | Reached skill level 1 in Axes
  1273 | D:2      | Reached skill level 1 in Polearms
  1273 | D:2      | Reached skill level 1 in Staves
  1273 | D:2      | Reached skill level 1 in Slings
  1273 | D:2      | Reached skill level 1 in Crossbows
  1273 | D:2      | Reached skill level 1 in Dodging
  1273 | D:2      | Reached skill level 1 in Stealth
  1273 | D:2      | Reached skill level 1 in Unarmed Combat
  1273 | D:2      | Reached skill level 1 in Spellcasting
  1273 | D:2      | Reached skill level 1 in Evocations
  1377 | D:2      | Reached XP level 4. HP: 45/45 MP: 5/5
  2124 | D:3      | Noticed Ijyb
  2165 | D:3      | HP: 1/45 [Ijyb/wand of flame (21) (5)]
  2166 | D:3      | Slain by Ijyb

Vault maps used:
D:1:      dpeg_arrival_castle, nemelex_diamond_rough_becter
D:2:      minmay_roachtagon, kennysheep_slug_shrine
D:3:      kennysheep_the_goblin_king, first_ration, minmay_rat_hole

Skill      XL: |  1  2  3 |
---------------+----------+-----
Invocations    | 1 |  1.2
Short Blades   | 1 |  1.1
Long Blades    | 1 |  1.1
Axes           | 1 |  1.1
Polearms       | 1 |  1.1
Staves         | 1 |  1.1
Slings         | 1 |  1.1
Crossbows      | 1 |  1.1
Dodging        | 1 |  1.1
Stealth        | 1 |  1.1
Unarmed Combat | 1 |  1.1
Spellcasting   | 1 |  1.1
Evocations     | 1 |  1.1
Fighting       | |  8.5
Maces & Flails | |  2.7
Bows           | |  2.7
Throwing       | |  2.7
Armour         | |  4.6
Shields        | |  2.7
Conjurations   | |  0.8
Hexes          | |  0.8
Charms         | |  0.8
Summonings     | |  0.8
Necromancy     | |  0.8
Translocations | |  0.8
Transmutations | |  0.8
Fire Magic     | |  0.8
Ice Magic      | |  0.8
Air Magic      | |  0.8
Earth Magic    | |  0.8
Poison Magic   | |  0.8

Action                   |  1- 3 |  4- 6 || total
-------------------------+-------+-------++-------
Melee: Unarmed           |    28 |    23 ||    51
       Bite              |     1 |     4 ||     5
       Punch             |       |     2 ||     2
 Fire: Shortbow          |   116 |    49 ||   165
Throw: Stone             |    35 |       ||    35
       Tomahawk          |     2 |       ||     2
  Use: Scroll            |       |     1 ||     1
  Eat: Chunk             |     1 |     3 ||     4
Armor: Scale mail        |    70 |    32 ||   102
Dodge: Dodged            |    65 |    26 ||    91

Table legend:
 A = Spawn XP
 B = Non-spawn XP
 C = Spawn XP percentage of total XP
 D = Spawn monster count
 E = Non-spawn monster count
 F = Spawn count percentage of total count
 G = Total turns spent on level
                    A         B        C        D         E        F      G
               +---------+---------+-------+---------+---------+-------+---------
         Total |       0 |     109 |   0.0 |       0 |      56 |   0.0 |  2166
               +---------+---------+-------+---------+---------+-------+---------
           D:1 |       0 |      36 |   0.0 |       0 |      20 |   0.0 |   889
           D:2 |       0 |      55 |   0.0 |       0 |      26 |   0.0 |  1002
           D:3 |       0 |      18 |   0.0 |       0 |      10 |   0.0 |   275
               +---------+---------+-------+---------+---------+-------+---------
